 Dungeon Crawl Stone Soup version 0.19-a0-1704-gbd66c22 (webtiles) character file.

114 epen the Slasher (level 5, -5/42 HPs)
             Began as a Formicid Monk on Sept 27, 2016.
             Killed from afar by an orc wizard (10 damage)
             ... with a magic dart
             ... on level 3 of the Dungeon.
             The game lasted 00:03:02 (2381 turns).

epen the Slasher (Formicid Monk)                    Turns: 2381, Time: 00:03:03

Health: -5/42      AC:  6    Str: 18    XL:     5   Next: 18%
Magic:  5/5        EV: 13    Int: 10    God:
Gold:   112        SH:  0    Dex: 13    Spells: 0 memorised, 4 levels left

rFire  . . .     SeeInvis +     r - +0 short sword (speed)
rCold  . . .     Gourm    .     q - +0 ring mail
rNeg   . . .     Faith    .     (no shield)
rPois  .         Spirit   .     (helmet unavailable)
rElec  .         Dismiss  .     (no cloak)
rCorr  .         Reflect  .     (no gloves)
MR     .....     Harm     .     (no boots)
Stlth  +.........               (no amulet)
                                (no ring)
                                j - +1 ring of evasion

@: no status effects
A: permanent stasis, dig shafts and tunnels, four strong arms, antennae 3, claws
1, blurry vision 1, strong 1
a: Dig, Shaft Self


You were on level 3 of the Dungeon.
You were very hungry.

You visited 1 branch of the dungeon, and saw 3 of its levels.

You collected 112 gold pieces.

Inventory:

Hand Weapons
 a - a +0 falchion
 r - a +0 short sword of speed (weapon)
Armour
 b - a +0 robe
 q - a +0 ring mail (worn)
Jewellery
 j - a +1 ring of evasion (left claw)
 s - a +2 ring of intelligence
Scrolls
 e - a scroll of fear {unknown}
 f - a scroll of teleportation {unknown}
 h - 5 scrolls of identify {unknown}
 l - 2 scrolls of remove curse {unknown}
 m - a scroll of amnesia {unknown}
 n - a scroll of blinking {unknown}
 p - a scroll of immolation {unknown}
Potions
 k - a potion of resistance
 o - a potion of cure mutation {unknown}
Comestibles
 c - 3 bread rations
 i - 2 meat rations


   Skills:
 + Level 4.0 Fighting
 * Level 4.2 Long Blades
 + Level 1.5 Armour
 + Level 3.2 Dodging
 - Level 2.4 Stealth


You had 4 spell levels left.
You didn't know any spells.

Dungeon Overview and Level Annotations

Branches:
Dungeon (3/15)

Altars:

Annotations:
D:3 Goblin1989's ghost, amateur VSAs


Innate Abilities, Weirdness & Mutations

You are under a permanent stasis effect.
You can dig through walls and to a lower floor.
Your four strong arms can wield two-handed weapons with a shield.
You have a pair of large antennae on your head. (SInv)
You have sharp fingernails.
Scrolls take you a little longer to read.
Your muscles are strong. (Str +2)


Message History

The orc wizard hits you but does no damage.
The gnoll closely misses you.
You barely miss the orc wizard.
The orc wizard is severely wounded.
The orc wizard hits you but does no damage.
You hit the orc wizard.
The orc wizard is severely wounded.
The orc wizard casts a spell at you. The magic dart hits you!
* * * LOW HITPOINT WARNING * * *
The gnoll hits you from afar with a halberd.
* * * LOW HITPOINT WARNING * * *
It was a potion of curing.
You feel better. The orc wizard misses you.
The gnoll hits you from afar with a halberd.
* * * LOW HITPOINT WARNING * * *
It was a potion of mutation.
You feel extremely strange.
Your fingernails lengthen.
You feel stronger.
Your vision blurs.
The orc wizard gestures at you while chanting.
The magic dart hits you!
You die...

.. .....# .. .....
##....g## .# ....
#.......# #. #..
#.......# ##.## #.#
#.......# #...###<##
..g...... ..#.[....#
#.......# #...###÷.#
#####o....... ##.##
#..#### #.@oggg.....#
#.# #.÷...#
#.##########.
#.####...#.###.#
#(.<()(........######
######...#(#..........
##.##.#.########.
#.##.#.#
#######.##...#
........######


You could see an orc wizard, 3 gnolls and an orc.

Vanquished Creatures
  2 adders
  2 oozes
  A worm (D:2)
  4 dart slugs
  2 leopard geckos
  2 orcs (D:3)
  2 ball pythons
  2 giant cockroaches (D:1)
  3 goblins (D:1)
  13 hobgoblins
  4 jackals (D:2)
  A quokka (D:2)
  10 bats
  6 frilled lizards
  6 kobolds
  9 rats
69 creatures vanquished.

Notes
Turn   | Place    | Note
-------+----------+-------------------------------------------
     0 | D:1      | epen the Formicid Monk began the quest for the Orb.
     0 | D:1      | Reached XP level 1. HP: 18/18 MP: 1/1
   166 | D:1      | Reached XP level 2. HP: 24/24 MP: 2/2
   447 | D:1      | Reached XP level 3. HP: 29/29 MP: 3/3
  1019 | D:2      | Reached XP level 4. HP: 29/37 MP: 4/4
  1070 | D:2      | Reached skill level 1 in Armour
  1933 | D:3      | Reached XP level 5. HP: 39/42 MP: 5/5
  1976 | D:3      | Noticed Goblin1989's ghost (amateur VSAs)
  2379 | D:3      | HP: 2/42 [gnoll/halberd (6)]
  2381 | D:3      | Gained mutation: You have sharp fingernails. [potion of mutation]
  2381 | D:3      | Gained mutation: Your muscles are strong. (Str +2) [potion of mutation]
  2381 | D:3      | Gained mutation: Scrolls take you a little longer to read. [potion of mutation]
  2381 | D:3      | Killed from afar by an orc wizard

Vault maps used:
D:1:      dpeg_arrival_line_fractal, minmay_pentomino_t4
D:2:      serial_aquarium, aquarium_bridge_square, aquarium_window_corridor_3,
          aquarium_window_1, aquarium_window_fake, aquarium_window_2,
          aquarium_view_2c, aquarium_balcony_5b
D:3:      first_bread, hex_tiny

Skill      XL: |  1  2  3  4 |
---------------+-------------+-----
Dodging        | 3 |  3.2
Armour         | 1 |  1.5
Long Blades    | 4 |  4.2
Fighting       | 4 |  4.0
Stealth        | |  2.4

Action                   |  1- 3 |  4- 6 || total
-------------------------+-------+-------++-------
Melee: Falchion          |   132 |   120 ||   252
       Short sword       |       |    26 ||    26
  Use: Potion            |       |     2 ||     2
 Stab: Sleeping          |     8 |     2 ||    10
  Eat: Chunk             |       |     4 ||     4
Armor: Robe              |    32 |    21 ||    53
       Ring mail         |       |    20 ||    20
Dodge: Dodged            |    98 |    94 ||   192
